 Dungeon Crawl Stone Soup version 0.28.0 (webtiles) character file.

Game seed: 6887441718843364432

38072 fragbeetle the Dancer (level 14, -2/121 HPs)
             Began as a Hill Orc Fighter on Feb 8, 2022.
             Was a Follower of Uskayaw.
             Slain by a minotaur (4 damage)
             ... in a Gauntlet.
             The game lasted 00:36:22 (18543 turns).

fragbeetle the Dancer (Hill Orc Fighter)           Turns: 18543, Time: 00:36:23

Health: -2/121     AC: 19    Str: 30    XL:     14   Next: 0%
Magic:  0/24       EV:  9    Int:  8    God:    Uskayaw [*.....]
Gold:   1025       SH:  6    Dex: 12    Spells: 13/13 levels left

rFire   + . .      SeeInvis .   T - +1 mace (protect)
rCold   + . .      Faith    .   c - +0 buckler
rNeg    + + +      Spirit   +   Q - +0 chain mail {rN+}
rPois   .          Reflect  .   U - +0 helmet
rElec   .          Harm     .   e - +1 cloak of Rotation {rF+}
rCorr   .          Rampage  .   q - +0 pair of gloves
Will    +....      NoTele   +   j - +0 pair of boots
Stlth   ..........              f - amulet of Devotion {Spirit rN++ Str+8}
HPRegen 0.30/turn               H - ring of protection from cold
MPRegen 0.19/turn               (no ring)

@: mighty, hasted, very quick
A: no striking features
a: Renounce Religion, Stomp


You were in a Gauntlet.
You worshipped Uskayaw.
Uskayaw was pleased with you.
You visited 3 branches of the dungeon, and saw 17 of its levels.
You also visited: Gauntlet.

You collected 1025 gold pieces.

Inventory:

Hand Weapons
 a - the +9 hand axe of Muomoot {protect, rPois rN+ Str+6 Stlth-}
   (You found it on level 2 of the Dungeon)

   It grants its wielder temporary protection when it strikes (+7 to AC).
   Str:       It affects your strength (+6).
   rPois:     It protects you from poison.
   rN:        It protects you from negative energy.
   Stlth:     It makes you less stealthy.
 b - a +3 hand crossbow
 C - a +1 war axe of electrocution
 T - a +1 mace of protection (weapon)
Missiles
 u - 15 curare-tipped darts
 A - 103 bolts
 B - 104 poisoned darts
 K - a throwing net
 O - 3 boomerangs
Armour
 c - a +0 buckler (worn)
 e - the +1 cloak of Rotation (worn) {rF+}
   (You found it in a Gauntlet)

   rF:        It protects you from fire.
 i - a +2 ring mail of fire resistance
 j - a +0 pair of boots (worn)
 q - a +0 pair of gloves (worn)
 J - a scarf of resistance
 Q - a +0 chain mail of positive energy (worn)
 U - a +0 helmet (worn)
Jewellery
 f - the amulet of Devotion (around neck) {Spirit rN++ Str+8}
   (You acquired it on level 10 of the Dungeon)

   [amulet of guardian spirit]

   It causes incoming damage to be divided between your reserves of health and
   magic.
   Str:       It affects your strength (+8).
   rN:        It greatly protects you from negative energy.
 o - an amulet of the acrobat
 s - an amulet of magic regeneration
 H - a ring of protection from cold (left hand)
 Y - a ring of poison resistance
Wands
 g - a wand of paralysis (1)
 E - a wand of digging (4)
 L - a wand of flame (23) (quivered)
 V - a wand of polymorph (10)
 W - a wand of acid (1)
Scrolls
 h - 5 scrolls of fog
 p - 4 scrolls of teleportation {unknown}
 t - 2 scrolls of enchant weapon {unknown}
 v - a scroll of holy word {unknown}
 w - 2 scrolls of blinking {unknown}
 x - 3 scrolls of immolation {unknown}
 I - 2 scrolls of torment {unknown}
 M - 2 scrolls of brand weapon {unknown}
 N - a scroll of fear {unknown}
 R - a scroll of enchant armour {unknown}
 S - 3 scrolls of summoning {unknown}
 X - a scroll of magic mapping {unknown}
Potions
 l - a potion of invisibility
 m - a potion of haste
 r - 3 potions of flight {unknown}
 D - a potion of degeneration {unknown}
 F - 3 potions of lignification {unknown}
 G - 3 potions of ambrosia
Miscellaneous
 y - a box of beasts


   Skills:
 - Level 10.0 Fighting
 - Level 14.0 Axes
 - Level 12.0 Armour
 - Level 10.0 Shields
 + Level 14.3 Invocations
 - Level 10.0 Evocations


You had 13 spell levels left.
You didn't know any spells.
Your spell library contained the following spells:

 Spells                   Type           Power      Damage    Failure   Level
 Static Discharge         Conj/Air       0%         N/A       96%         2
 Gell's Gravitas          Tloc           0%         N/A       99%         3
 Ignite Poison            Fire/Tmut/Pois 0%         N/A       99%         3
 Mephitic Cloud           Conj/Pois/Air  0%         N/A       99%         3
 Ozocubu's Armour         Ice            0%         N/A       99%         3
 Teleport Other           Tloc           0%         N/A       99%         3
 Tukima's Dance           Hex            0%         N/A       99%         3
 Airstrike                Air            0%         N/A       100%        4
 Anguish                  Hex/Necr       0%         N/A       100%        4
 Animate Dead             Necr           0%         N/A       100%        4
 Dispel Undead            Necr           0%         3d6       100%        4
 Sticky Flame             Conj/Fire      0%         2d3       100%        4
 Summon Lightning Spire   Summ/Air       0%         N/A       100%        4
 Blade Hands              Tmut           0%         N/A       100%        5
 Freezing Cloud           Conj/Ice/Air   0%         6-21      100%        5
 Irradiate                Conj/Tmut      0%         3d13      100%        5
 Lightning Bolt           Conj/Air       0%         1d11      100%        5
 Dispersal                Tloc           0%         N/A       100%        6
 Dragon Form              Tmut           0%         N/A       100%        7
 Enfeeble                 Hex            0%         N/A       100%        7
 Haunt                    Necr/Summ      0%         N/A       100%        7
 Ozocubu's Refrigeration  Ice            0%         4d5       100%        7
 Infestation              Necr           0%         N/A       100%        8


Dungeon Overview and Level Annotations

Branches:
Dungeon (11/15)            Temple (1/1) D:4            Lair (5/6) D:11
  Swamp (0/4) Lair:3       Spider (0/4) Lair:2          Orc (0/2) D:10
Gauntlet (1/1)
  Slime: Lair:5-6

Altars:
Ashenzari
Cheibriados
Dithmenos
Elyvilon
Fedhas
Gozag
Hepliaklqana
Kikubaaqudgha
Makhleb
Nemelex Xobeh
Okawaru
Qazlal
Ru
Sif Muna
Trog
Uskayaw
Vehumet
Wu Jian
Xom
Yredelemnul
Zin
The Shining One

Shops:
D:6 *

Annotations:
D:5 Grinder
D:6 1 runed translucent door, Crazy Yiuf
D:10 1 exclusion Gauntlet 10 transporters, 21 runed translucent doors


Message History

Okay, then.
Unknown command.
That's the wrong kind of item! (Use * to select it.) Evoke which item? (* to show all) (? for menu, Esc to quit)
Okay, then.
Unknown command.
Aiming: Corrosive Bolt
Press: ? - help, Shift-Dir - straight line, f - minotaur
Aim: a minotaur, wielding a +2 battleaxe of freezing, wearing a +0 plate armour and quivering silver javelins (89% to hit)
The bolt of acid hits the minotaur!
The minotaur is lightly wounded.
The minotaur hits you with a +2 battleaxe of freezing!!
The minotaur freezes you. You block the minotaur's attack.
You hit the minotaur.
Your weapon exudes an aura of protection.
The minotaur is lightly wounded.
The minotaur hits you with a +2 battleaxe of freezing!
The minotaur freezes you.
The minotaur gores you but does no damage.
You thump the minotaur!
The minotaur is moderately wounded.
The minotaur hits you with a +2 battleaxe of freezing!!
The minotaur freezes you.
The minotaur gores you but does no damage.
You hit the minotaur.
The minotaur is moderately wounded.
The minotaur hits you with a +2 battleaxe of freezing!!
The minotaur freezes you. The minotaur gores you.
You feel very mighty all of a sudden.
The minotaur hits you with a +2 battleaxe of freezing!
* * * LOW HITPOINT WARNING * * *
The minotaur freezes you.
* * * LOW HITPOINT WARNING * * *
The minotaur gores you.
* * * LOW HITPOINT WARNING * * *
You feel yourself speed up.
The minotaur hits you with a +2 battleaxe of freezing!!
* * * LOW HITPOINT WARNING * * *
The minotaur freezes you.
You die...

##.##.##.##.###
#.....###.....#
#.##.##∩##.##.#
##.##.##.##.##.##
#......#.#......#
#.##.###.#.##.###
#.##.###'#.##.###
#..........H....#
###.##.##.##@##.#
###.##.##.##.##.#
#...............#
##.##.##.##.##.##
###.##.##.##.##.###
#≈...............≈# #
#8.8.8.8.8.8.8.8.8# ### #
#≈...............≈# #8#
#######.#########.##########


You could see a minotaur.

Vanquished Creatures
  Snorg (Lair:3)
  4 hydras
  A boulder beetle (Lair:3)
  4 two-headed ogres
  3 death yaks (Lair:4)
  Sonja (Lair:3)
  Nergalle (Lair:3)
  A necromancer (Gauntlet)
  A cyclops (D:11)
  4 elephants (Lair:4)
  3 black mambas
  A molten gargoyle (Gauntlet)
  2 torpor snails (Lair:4)
  6 cane toads
  An unseen horror (D:10)
  A kobold demonologist (D:11)
  6 komodo dragons
  2 rime drakes (Lair:2)
  A troll (D:9)
  3 polar bears
  6 blink frogs (Lair:4)
  A jumping spider (Lair:2)
  3 culicivoras (Lair:2)
  44 yaks
  2 vampires
  4 basilisks
  4 wyverns
  4 vampire mosquitoes (Lair:5)
  3 steam dragons
  A redback (Lair:2)
  2 swamp worms (Lair:5)
  10 water moccasins
  7 orc warriors
  3 sky beasts
  2 necrophages
  2 ogres
  An ogre (shapeshifter) (Gauntlet)
  16 wolves
  5 centaurs
  22 kobold brigands
  A gnoll sergeant (D:7)
  10 bullfrogs
  A scorpion (D:6)
  A water moccasin zombie (D:5)
  A wyvern skeleton (D:5)
  A water moccasin skeleton (D:7)
  18 killer bees
  A howler monkey (D:7)
  A wight (D:6)
  2 vampire bats (D:9)
  3 electric eels
  4 centaur zombies
  2 hounds
  3 jellies (D:4)
  5 orc priests
  A scorpion zombie (D:5)
  Ijyb (D:5)
  6 hell rats (Lair:4)
  5 iguanas
  9 orc wizards
  A hound skeleton (D:4)
  A howler monkey zombie (D:5)
  10 gnolls
  2 adders
  A shadow imp (D:6)
  3 white imps
  2 adder skeletons
  2 worms
  3 dart slugs
  37 orcs
  6 bats (D:1)
  A bat skeleton (D:9)
  5 bat zombies (D:9)
  14 endoplasms
  A giant cockroach (D:4)
  4 goblins
  4 hobgoblins
  4 jackals (D:2)
  27 kobolds
  8 quokkas
  5 ball pythons
  2 frilled lizards
  3 rats (D:1)
411 creatures vanquished.

Vanquished Creatures (collateral kills)
  3 wights (D:6)
3 creatures vanquished.

Vanquished Creatures (others)
  A gargoyle (Gauntlet)
  A hell rat (Lair:4)
  18 fungi
  31 plants
  7 toadstools (D:4)
58 creatures vanquished.

Grand Total: 472 creatures vanquished

Notes
Turn   | Place    | Note
-------+----------+-------------------------------------------
     0 | D:1      | fragbeetle the Hill Orc Fighter began the quest for the
                  | Orb.
     0 | D:1      | Reached XP level 1. HP: 19/19 MP: 1/1
   143 | D:1      | Reached XP level 2. HP: 26/26 MP: 2/2
   405 | D:1      | Reached XP level 3. HP: 28/31 MP: 3/3
   526 | D:1      | You fall into a shaft and drop 1 floor!
   934 | D:1      | Reached skill level 5 in Axes
  1290 | D:2      | Identified the +9 hand axe of Muomoot {protect, rPois rN+
                  | Str+6 Stlth-}
  1346 | D:2      | Found a faded altar of an unknown god.
  1464 | D:3      | Reached XP level 4. HP: 39/39 MP: 4/4
  2328 | D:4      | Reached XP level 5. HP: 41/45 MP: 5/5
  2782 | D:4      | Found a staircase to the Ecumenical Temple.
  2793 | Temple   | Entered the Ecumenical Temple
  3045 | Temple   | Became a worshipper of Uskayaw the Reveller
  3136 | D:4      | Reached * piety under Uskayaw
  3139 | D:4      | Reached ** piety under Uskayaw
  3232 | D:4      | Reached XP level 6. HP: 51/51 MP: 6/6
  3531 | D:4      | Reached *** piety under Uskayaw
  3534 | D:4      | Reached **** piety under Uskayaw
  3538 | D:4      | Reached ***** piety under Uskayaw
  3830 | D:5      | Entered Level 5 of the Dungeon
  3834 | D:5      | Noticed a sky beast
  3839 | D:5      | Killed a sky beast
  3840 | D:5      | Reached skill level 10 in Axes
  3840 | D:5      | Reached XP level 7. HP: 57/57 MP: 7/7
  3913 | D:5      | Noticed Ijyb
  3922 | D:5      | Killed Ijyb
  3967 | D:5      | Noticed Grinder
  4431 | D:6      | Reached XP level 8. HP: 64/64 MP: 8/8
  5209 | D:6      | Found Otikh's Assorted Antiques.
  5220 | D:6      | Reached skill level 1 in Invocations
  5337 | D:6      | Reached XP level 9. HP: 70/70 MP: 10/12
  5405 | D:6      | Found a runed translucent door.
  5406 | D:6      | Noticed Crazy Yiuf
  5599 | D:7      | Reached skill level 5 in Invocations
  6576 | D:8      | Reached skill level 10 in Invocations
  6668 | D:8      | Reached skill level 5 in Armour
  6668 | D:8      | Reached XP level 10. HP: 77/77 MP: 17/17
  7278 | D:9      | Found an ancient bone altar of Kikubaaqudgha.
  7561 | D:9      | Noticed a two-headed ogre
  7570 | D:9      | Killed a two-headed ogre
  8292 | D:10     | Entered Level 10 of the Dungeon
  8321 | D:10     | Killed an unseen horror
  8409 | D:10     | Noticed a two-headed ogre
  8459 | D:10     | Reached skill level 10 in Armour
  8472 | D:10     | Reached skill level 5 in Fighting
  8613 | D:10     | Killed a two-headed ogre
  8614 | D:10     | Reached XP level 11. HP: 75/92 MP: 18/18
  8846 | D:10     | Identified a scroll of acquirement
  8850 | D:10     | Acquired the amulet of Devotion {Spirit rN++ Str+8}
  9309 | D:10     | Found a staircase to the Orcish Mines.
  9756 | D:11     | Noticed a two-headed ogre
  9767 | D:11     | Killed a two-headed ogre
  9768 | D:11     | Reached skill level 10 in Fighting
  9939 | D:11     | Reached ****** piety under Uskayaw
  9945 | D:11     | Reached skill level 5 in Shields
  9999 | D:11     | Found a staircase to the Lair.
 10059 | D:11     | Noticed a cyclops
 10066 | D:11     | Killed a cyclops
 10167 | D:11     | Noticed a two-headed ogre
 10174 | D:11     | Killed a two-headed ogre
 10277 | D:11     | Noticed a six-headed hydra
 10277 | D:11     | Noticed a boulder beetle
 10407 | Lair:1   | Entered Level 1 of the Lair of Beasts
 10659 | Lair:1   | Found a stormy altar of Qazlal.
 10841 | Lair:1   | Reached XP level 12. HP: 85/106 MP: 14/19
 11542 | Lair:2   | Reached skill level 10 in Shields
 11554 | Lair:2   | Reached skill level 1 in Evocations
 11849 | Lair:2   | Noticed a seven-headed hydra
 11873 | Lair:2   | Killed a seven-headed hydra
 11880 | Lair:2   | HP: 4/106 [cane toad (11)]
 11888 | Lair:2   | Reached skill level 5 in Evocations
 12284 | Lair:2   | Found a hole to the Spider Nest.
 13271 | Lair:3   | Noticed Snorg
 13282 | Lair:3   | Killed Snorg
 13865 | Lair:3   | Noticed a four-headed hydra
 13885 | Lair:3   | Killed an eight-headed hydra
 13897 | Lair:3   | Found a staircase to the Swamp.
 13908 | Lair:3   | Noticed Nergalle
 13921 | Lair:3   | Killed Nergalle
 13931 | Lair:3   | Noticed Sonja
 13953 | Lair:3   | Killed Sonja
 13954 | Lair:3   | Reached XP level 13. HP: 82/113 MP: 20/20
 14300 | Lair:3   | Reached skill level 10 in Evocations
 17147 | Lair:5   | Found a gate leading to a gauntlet.
 17207 | Gauntlet | Entered a Gauntlet
 17207 | Gauntlet | Found a transporter.
 17207 | Gauntlet | Found a transporter.
 17470 | Gauntlet | Found a transporter.
 17470 | Gauntlet | Found a transporter.
 17472 | Gauntlet | Found a large runed translucent door.
 17473 | Gauntlet | Found a large runed translucent door.
 17474 | Gauntlet | Found a large runed translucent door.
 17474 | Gauntlet | Found a large runed translucent door.
 17475 | Gauntlet | Found a large runed translucent door.
 17476 | Gauntlet | Found a large runed translucent door.
 17477 | Gauntlet | Found a runed translucent door.
 17477 | Gauntlet | Found a large runed translucent door.
 17477 | Gauntlet | Found a large runed translucent door.
 17478 | Gauntlet | Found a runed translucent gate.
 17480 | Gauntlet | Found a transporter.
 17487 | Gauntlet | Found a transporter.
 17490 | Gauntlet | Found a transporter.
 17496 | Gauntlet | Noticed a blizzard demon
 17512 | Gauntlet | Found a transporter.
 17514 | Gauntlet | Found a runed translucent gate.
 17514 | Gauntlet | Found a runed translucent gate.
 17516 | Gauntlet | Found a large runed translucent door.
 17517 | Gauntlet | Found a large runed translucent door.
 17521 | Gauntlet | Found a transporter.
 17535 | Gauntlet | Found a transporter.
 17542 | Gauntlet | Found a runed translucent door.
 17551 | Gauntlet | Found a large runed translucent door.
 17551 | Gauntlet | Found a large runed translucent door.
 17551 | Gauntlet | Found a large runed translucent door.
 17551 | Gauntlet | Found a large runed translucent door.
 17552 | Gauntlet | Found a large runed translucent door.
 17553 | Gauntlet | Found a large runed translucent door.
 17555 | Gauntlet | Found a transporter.
 17565 | Gauntlet | Found a transporter.
 17610 | Gauntlet | Found a transporter.
 17624 | Gauntlet | Found a transporter.
 17726 | Gauntlet | Found a transporter.
 17748 | Gauntlet | Found a transporter.
 18145 | Gauntlet | Identified the +1 cloak of Rotation {rF+}
 18175 | Gauntlet | Reached XP level 14. HP: 34/121 MP: 6/24
 18543 | Gauntlet | HP: 2/121 [minotaur (25)]
 18543 | Gauntlet | Slain by a minotaur

Illustrated notes

Levels and vault maps discovered:
D:1:      dpeg_arrival_tiny_k, layout_loops_ring
D:2:      layout_rooms, shapermc_ecumenical_altar_mp_vishouse,
          minmay_misc_feat_rows
D:3:      layout_basic
D:4:      cheibrodos_fertilizer, layout_loops_corners,
          minmay_temple_entry_statues_fountains, minmay_checkerbox
D:5:      layout_basic, chequers_decorated_corner, uniq_grinder, uniq_ijyb
D:6:      layout_gridville, serial_shops, kennysheep_little_box,
          uniq_crazy_yiuf_cottage
D:7:      layout_loops_ring
D:8:      layout_rooms, hex_tiny
D:9:      layout_loops_corners, kennysheep_vampire_church
D:10:     layout_basic, erik_orc_2, st_stairs_1
D:11:     layout_roguey [special_room_kobold], lair_entry_dummy, serial_glass,
          glass_columns_b, glass_columns_c
Temple:   nicolae_temple_the_god_donut
Lair:1:   layout_chaotic_city, basic_altar
Lair:2:   layout_roguey, nicolae_spider_entry_tight_spaces
Lair:3:   layout_cave_pods, minmay_swamp_entry_reptiles, minivault_23,
          uniq_sonja, uniq_nergalle, uniq_snorg
Lair:4:   hellmonk_warped_wall, layout_cave_pods, beast_lair_carwin_7
Lair:5:   onia_ninara_swampy_vault, layout_concentric_octagons, slime_altar_1,
          gauntlet_entry_generic
Gauntlet: gammafunk_gauntlet_branching [nicolae_gauntlet_arena_blocks,
          nicolae_gauntlet_arena_flowing_pool, nicolae_gauntlet_arena_quarters,
          minmay_gauntlet_arena_make_your_own_arena,
          gammafunk_gauntlet_arena_crates, gammafunk_gauntlet_arena_split_x,
          gammafunk_gauntlet_arena_corners, gammafunk_gauntlet_arena_spirals,
          gauntlet_exit_green]

Skill      XL: |  1  2  3  4  5  6  7  8  9 10 11 12 13 |
---------------+----------------------------------------+-----
Axes           | 3 4 5 6 8 10 11 14 | 14.0
Invocations    | 4 10 14 | 14.3
Armour         | 5 10 12 | 12.0
Fighting       | 7 10 | 10.0
Shields        | 9 10 | 10.0
Evocations     | 9 10 | 10.0

Action                   |  1- 3 |  4- 6 |  7- 9 | 10-12 | 13-15 || total
-------------------------+-------+-------+-------+-------+-------++-------
Melee: War axe           |    83 |       |       |       |       ||    83
       Hand axe          |     9 |    78 |   270 |   538 |   275 ||  1170
       Mace              |       |       |       |    21 |   108 ||   129
 Fire: Hand crossbow     |       |       |       |       |     1 ||     1
Throw: Dart              |       |       |       |     3 |     2 ||     5
Invok: Line Pass         |       |       |     2 |     3 |     1 ||     6
       Stomp             |       |       |     1 |       |     2 ||     3
Evoke: Box of beasts     |       |       |     1 |     2 |       ||     3
       Wand              |       |       |       |    14 |    11 ||    25
  Use: Potion            |       |       |     1 |     7 |     5 ||    13
       Scroll            |       |       |       |    10 |     1 ||    11
 Stab: Paralysed         |       |     6 |    18 |    56 |    51 ||   131
       Confused          |       |       |     2 |     1 |       ||     3
       Invisible         |       |       |       |       |     3 ||     3
Armor: Scale mail        |    42 |     1 |       |       |       ||    43
       Chain mail        |       |    25 |    97 |   235 |   214 ||   571
Dodge: Dodged            |    46 |    26 |    75 |   170 |   121 ||   438
Block: Buckler           |    16 |    13 |    42 |    85 |    97 ||   253
